 Dungeon Crawl Stone Soup version 0.21-a0-24-ga372141 (webtiles) character file.

0 Manul the Ducker (level 1, -20/11 HPs)
             Began as a Spriggan Abyssal Knight on May 25, 2017.
             Was a Follower of Lugonu.
             Killed from afar by a raiju (21 damage)
             ... with a living lightning
             ... on level 5 of the Abyss.
             The game lasted 00:01:16 (339 turns).

Manul the Ducker (Spriggan Abyssal Knight)           Turns: 339, Time: 00:01:16

Health: -20/11     AC:  2    Str:  8    XL:     1   Next: 0%
Magic:  3/3        EV: 18    Int: 13    God:    Lugonu [*.....]
Gold:   105        SH:  0    Dex: 15    Spells: 0/0 levels left

rFire    . . .     SeeInvis +   a - +1 short sword
rCold    . . .     Gourm    .   (shield restricted)
rNeg     . . .     Faith    .   b - +0 robe
rPois    .         Spirit   .   (helmet restricted)
rElec    .         Reflect  .   (no cloak)
rCorr    .         Harm     .   (gloves unavailable)
MR       +....                  (boots unavailable)
Stlth    +.........             (no amulet)
Regen    0.0/turn               d - ring of protection from magic
MPRegen  0.1/turn               (no ring)

@: non-regenerating, diseased, very quick
A: unfitting armour, see invisible, herbivore 3, speed 3, slow metabolism 2
a: Depart the Abyss, Renounce Religion


You were on level 5 of the Abyss.
You worshipped Lugonu.
Lugonu was aware of your devotion.
You were not hungry.

You visited 0 branches of the dungeon, and saw 0 of its levels.
You visited the Abyss 1 time.

You collected 105 gold pieces.

Inventory:

Hand Weapons
 a - a +1 short sword (weapon)
Missiles
 f - 16 arrows
Armour
 b - a +0 robe (worn)
Jewellery
 d - a ring of protection from magic (left hand)
Scrolls
 i - a scroll of amnesia
Potions
 e - a potion of resistance {unknown}
 g - a potion of lignification {unknown}
Comestibles
 c - a bread ration
 h - a fruit


   Skills:
 + Level 2.4 Fighting
 + Level 2.1 Short Blades
 + Level 3.5 Dodging
 + Level 1.7 Invocations


You couldn't memorise any spells.
You didn't know any spells.

Dungeon Overview and Level Annotations

Branches:
Dungeon (0/15)

Altars:


Innate Abilities, Weirdness & Mutations

You are very small and have problems with some larger weapons.
You are too small for most types of armour.
You have supernaturally acute eyesight. (SInv)
You are a herbivore.
You cover ground extremely quickly.
You need consume almost no food.


Message History

Found 10 stones.
A large abomination comes into view.
A raiju comes into view.
The raiju barks!
The raiju moves out of view. 2 raiju come into view.
A starspawn tentacle comes into view.
The raiju barks!
The raiju bursts into living lightning!
The living lightning hits you!
Ouch! That really hurt!
* * * LOW HITPOINT WARNING * * *
The raiju blinks!
A tentacle flies out from the starspawn's body!
A starspawn tentacle comes into view.
A raiju comes into view.
The raiju bursts into living lightning!
The living lightning hits you!
Ouch! That really hurt!
You die...

. #...####...#.#
##
│###..Λ..#####.#.
│#.##X#\......#..
##.... ..w.####.#
# #...#(..#..#
##.#h..#...#
#....#.....###
#...#..##....#
....h#..#@..###
.h....#..#.#..#
#.......# #..##
..##...# ##..
.....## ... ..#
.. .# .


You could see a tentacled starspawn, a raiju and a starspawn tentacle.

Vanquished Creatures (others)
  4 starspawn tentacles (Abyss:5)
4 creatures vanquished.

Notes
Turn   | Place    | Note
-------+----------+-------------------------------------------
     0 | Abyss:1  | Manul the Spriggan Abyssal Knight began the quest for the Orb.
     0 | Abyss:1  | Reached XP level 1. HP: 11/11 MP: 3/3
    91 | Abyss:2  | Noticed a large abomination
   152 | Abyss:2  | Noticed an ancient zyme
   182 | Abyss:3  | Noticed an eye of draining
   184 | Abyss:3  | Noticed a chaos spawn
   254 | Abyss:4  | Noticed a raiju
   264 | Abyss:4  | Noticed a Hell Sentinel
   278 | Abyss:5  | Entered Level 5 of the Abyss
   316 | Abyss:5  | Noticed an ancient zyme
   317 | Abyss:5  | Noticed a tentacled starspawn
   333 | Abyss:5  | Noticed a large abomination
   334 | Abyss:5  | Noticed a raiju
   335 | Abyss:5  | Noticed a raiju
   335 | Abyss:5  | Noticed a raiju
   337 | Abyss:5  | Noticed a raiju
   339 | Abyss:5  | Killed from afar by a raiju

Vault maps used:
Abyss:1:  lemuel_flamethrower_3
Abyss:2:  evilmike_abyss_exit_8
Abyss:3:  evilmike_abyss_exit_16
Abyss:4:  nicolae_abyss_rune_left_handed
Abyss:5:  eino_small_chamber_without_monster, evilmike_abyss_exit_glass,
          nicolae_abyss_rune_star_stuff

Action                   || total
-------------------------++-------
  Use: Scroll            ||     2
